 Dungeon Crawl Stone Soup version 0.28.0-53-g5a82cb258f (webtiles) character file.

Game seed: 12734749678990346043

4 NoAnimeNoLife the Grave Robber (level 1, -2/10 (13) HPs)
             Began as a Demonspawn Necromancer on June 2, 2022.
             Slain by a goblin
             ... wielding a +1 dagger of draining
              (3 damage)
             ... on level 1 of the Dungeon.
             The game lasted 00:01:36 (567 turns).

NoAnimeNoLife the Grave Robber (DsNe)                Turns: 567, Time: 00:01:37

HP:   -2/10 (13)    AC:  2    Str:  8    XL:     1   Next: 50%
MP:   1/3           EV: 12    Int: 16    God:
Gold: 0             SH:  0    Dex: 13    Spells: 2/4 levels left

rFire   + . .      SeeInvis .   b - +0 dagger
rCold   + . .      Faith    .   (no shield)
rNeg    . . .      Spirit   .   a - +0 robe
rPois   .          Reflect  .   (no helmet)
rElec   .          Harm     .   c - scarf {rC+ rF+}
rCorr   .          Rampage  .   (no gloves)
Will    .....                   (no boots)
Stlth   ++........              (no amulet)
HPRegen 0.03/turn               (no ring)
MPRegen 0.08/turn               (no ring)

@: very slightly contaminated, heavily drained
A: no striking features
a: no special abilities


You were on level 1 of the Dungeon.
You visited 1 branch of the dungeon, and saw 1 of its levels.

Inventory:

Hand Weapons
 b - a +0 dagger (weapon)
Armour
 a - a +0 robe (worn)
 c - a scarf of resistance (worn)


   Skills:
 - Level 1.7 Dodging
 - Level 1.7 Stealth
 + Level 2.1 Spellcasting
 * Level 4.5 Necromancy


You had 2 spell levels left.
You knew the following spells:

 Your Spells              Type           Power      Damage    Failure   Level
a - Pain                  Necr           64%        1d7       3%          1
b - Animate Skeleton      Necr           32%        N/A       3%          1

Your spell library contained the following spells:

 Spells                   Type           Power      Damage    Failure   Level
 Vampiric Draining        Necr           16%        2d7       10%         3
 Animate Dead             Necr           8%         N/A       30%         4
 Agony                    Necr           16%        N/A       65%         5


Dungeon Overview and Level Annotations

Branches:
Dungeon (1/15)

Altars:


Message History

HP restored.
Okay, then.
You aren't carrying any pieces of jewellery.
Things that are here:
a +0 club; a goblin corpse You see here a scarf of resistance.
c - a scarf of resistance You start putting on your armour.
You continue putting on your scarf of resistance. x4
You finish putting on your scarf of resistance.
You feel resistant to extremes of temperature.
A goblin comes into view. It is wielding a +1 dagger of draining.
A dart slug comes into view.
The goblin shouts!
The goblin hits you with a +1 dagger of draining.
You feel drained.
You hit the goblin but do no damage.
The goblin hits you with a +1 dagger of draining.
You feel drained.
Okay, then.
Casting: Pain (safe; 3% risk of failure)
Confirm with . or Enter, or press ? or * to list all spells.
Aiming: Pain (safe; 3% risk of failure)
Press: ? - help, Shift-Dir - straight line, f - goblin
Aim: a goblin, wielding a +1 dagger of draining (chance to affect: 86%)
You miscast Pain.
You are very lightly contaminated with residual magic.
Nothing appears to happen.
The goblin hits you with a +1 dagger of draining.
* * * LOW HITPOINT WARNING * * *
You feel drained.
* * * LOW HITPOINT WARNING * * *
Casting: Pain (safe; 3% risk of failure)
Confirm with . or Enter, or press ? or * to list all spells.
Aiming: Pain (safe; 3% risk of failure)
Press: ? - help, Shift-Dir - straight line, f/p - goblin
Aim: a goblin, wielding a +1 dagger of draining (chance to affect: 86%)
The goblin writhes in agony.
The goblin hits you with a +1 dagger of draining.
You die...

#
...w############
#...g@.......#
#.##########.#
##.##
####...######
#...........#
#.##...####.###
# ##..........
#######.### #.#
#


You could see a dart slug and a goblin.

Vanquished Creatures
  An endoplasm (D:1)
  A goblin (D:1)
  A ball python (D:1)
  A frilled lizard (D:1)
4 creatures vanquished.

Notes
Turn   | Place    | Note
-------+----------+-------------------------------------------
     0 | D:1      | NoAnimeNoLife the Demonspawn Necromancer began the quest
                  | for the Orb.
     0 | D:1      | Reached XP level 1. HP: 13/13 MP: 3/3
     2 | D:1      | Learned a level 1 spell: Animate Skeleton
   567 | D:1      | Slain by a goblin

Illustrated notes

Levels and vault maps discovered:
D:1:      minmay_arrival_solitary_statue, layout_loops_ring, minmay_unequal

Action                   || total
-------------------------++-------
Melee: Dagger            ||     1
       Unarmed           ||     1
 Cast: Pain              ||     7
